Map: [ESL] Inside and Out

Players

HeroMarine - Winner!

  • Race: Terran Terran
  • Spawn Location: 7:00

LiquidElazer (Elazer)

  • Race: Zerg Zerg
  • League: Master
  • Spawn Location: 1:00

VOD

Have the link to the VOD?

Description

Time

  • Played on: Nov. 3, 2022, 12:46 p.m.
  • Length: 8:12
Show
View Real Time Build Order
Export as new Build Order

HeroMarine Terran - Winner!

Build Orders: Command Center First (CC) 

Get SALT Encoding   

  12  0:00  SCV  
  13  0:12  SCV  
  14  0:16  Supply Depot  
  14  0:24  SCV  
  15  0:38  SCV  
  16  0:50  SCV  
  17  0:58  Command Center  
  17  1:02  SCV  
  18  1:11  Barracks  
  18  1:15  SCV  
  19  1:20  Refinery  
  19  1:27  SCV  
  19  1:28  Refinery  
  20  1:39  SCV  
  21  1:51  SCV  
  22  1:57  Marine  
  23  2:03  Orbital Command  
  23  2:08  Factory  
  23  2:12  Orbital Command  
  23  2:15  Barracks Reactor  
  23  2:30  SCV  
  24  2:37  Supply Depot  
  24  2:38  SCV  
  24  2:42  SCV  
  26  2:50  SCV  
  27  2:53  Starport  
  27  2:54  SCV  
  27  2:58  Hellion x2  
  32  3:01  Barracks Tech Lab  
  32  3:02  SCV  
  33  3:06  SCV  
  34  3:16  Supply Depot, SCV  
  34  3:18  SCV  
  34  3:19  Hellion, Marine  
  41  3:20  Hellion  
  41  3:23  Stimpack  
  41  3:30  Viking  
  41  3:33  SCV x2  
  45  3:40  Marine  
  46  3:45  SCV x2  
  46  3:47  Barracks  
  48  3:52  Barracks, Factory Tech Lab  
  48  3:57  SCV  
  48  3:58  SCV  
  48  3:59  Supply Depot  
  48  4:00  Marine  
  48  4:01  Starport Reactor  
  51  4:05  Engineering Bay  
  51  4:09  SCV  
  52  4:10  SCV  
  52  4:14  Refinery  
  53  4:18  Marine  
  53  4:20  Siege Tank  
  53  4:21  Supply Depot  
  53  4:22  SCV  
  53  4:23  SCV  
  59  4:34  Barracks, SCV  
  59  4:35  SCV, Barracks  
  59  4:37  Terran Infantry Weapons Level 1  
  59  4:47  Supply Depot  
  59  4:49  Supply Depot  
  59  4:50  Starport Reactor  
  59  4:51  Marine x3  
  59  4:52  Marine  
  65  4:53  Marine  
  65  4:55  Siege Tank  
  65  4:59  Supply Depot  
  69  5:08  Marine  
  69  5:10  Combat Shield  
  69  5:11  Marine  
  69  5:13  Supply Depot, Marine  
  70  5:14  Marine  
  70  5:16  Supply Depot, Marine  
  72  5:23  Barracks Reactor, Marine x2  
  72  5:26  Marine  
  72  5:27  Siege Tank  
  78  5:28  Marine  
  78  5:31  Marine  
  78  5:32  Marine  
  81  5:37  Supply Depot  
  81  5:38  Marine  
  81  5:41  Marine  
  81  5:42  Medivac  
  79  5:43  Medivac  
  79  5:44  Marine x2  
  79  5:46  Marine  
  79  5:49  Marine  
  85  5:50  Marine  
  85  5:56  Marine  
  87  5:58  Supply Depot  
  87  5:59  Siege Tank, Marine  
  87  6:02  Marine x2  
  93  6:04  Marine  
  93  6:09  Marine x2  
  96  6:12  Medivac  
  96  6:14  Marine  
  96  6:17  Marine  
  96  6:18  Supply Depot  
  100  6:19  Marine  
  100  6:20  Marine  
  100  6:23  Marine  
  103  6:27  Marine x2  
  103  6:32  Siege Tank, Marine  
  109  6:35  Medivac, Marine  
  109  6:37  Marine x2  
  109  6:41  Marine  
  109  6:45  Marine x2  
  112  6:49  Marine  
  112  6:52  Marine  
  109  6:55  Marine x2  
  109  6:58  Marine  
  109  6:59  Medivac  
  106  7:03  Marine  
  106  7:04  Siege Tank  
  106  7:06  Marine  
  106  7:07  Marine  
  109  7:10  Marine  
  109  7:13  Marine x2  
  109  7:15  Medivac  
  109  7:16  Marine  
  109  7:20  Marine  
  109  7:21  Supply Depot  
  111  7:23  Marine  
  111  7:25  Marine  
  111  7:28  Marine  
  113  7:31  Marine x2  
  113  7:34  Medivac, Marine  
  117  7:38  Marine  
  117  7:41  Marine  
  117  7:43  Marine  
  120  7:46  Marine  
  120  7:48  Marine  
  120  7:49  Marine  
  124  7:52  Marine  
Show
View Real Time Build Order
Export as new Build Order

LiquidElazer Zerg 

Build Orders: Hatch First 

Get SALT Encoding   

  12  0:00  Drone  
  13  0:12  Overlord  
  13  0:16  Drone  
  14  0:30  Drone x2  
  16  0:47  Hatchery  
  15  0:51  Drone  
  15  0:54  Drone  
  17  0:57  Drone  
  18  1:08  Extractor  
  17  1:12  Spawning Pool  
  17  1:16  Drone  
  17  1:19  Drone  
  18  1:30  Drone  
  19  1:38  Drone  
  20  1:49  Drone  
  21  1:59  Queen x2  
  25  2:02  Drone  
  25  2:05  Drone  
  27  2:11  Overlord  
  27  2:12  Drone  
  28  2:22  Hatchery  
  27  2:25  Drone  
  27  2:29  Metabolic Boost  
  28  2:31  Drone  
  28  2:33  Drone  
  28  2:35  Drone  
  31  2:42  Queen  
  33  2:46  Overlord  
  33  2:49  Drone  
  34  2:53  Drone  
  34  2:54  Drone  
  36  3:04  Overlord  
  36  3:06  Drone  
  36  3:07  Drone x3  
  36  3:09  Queen  
  42  3:18  Queen  
  44  3:25  Drone  
  45  3:28  Zergling x6  
  48  3:34  Queen  
  48  3:36  Drone  
  48  3:37  Overlord  
  48  3:40  Drone x3  
  54  3:45  Drone x2  
  56  3:49  Queen  
  56  3:53  Overlord  
  58  3:56  Drone x5  
  63  4:06  Drone x3  
  66  4:12  Overlord  
  66  4:13  Overlord x2  
  66  4:15  Queen, Drone  
  68  4:21  Baneling Nest  
  67  4:30  Queen  
  69  4:31  Zergling x6  
  69  4:33  Zergling x4  
  69  4:34  Drone x2  
  69  4:38  Overlord  
  76  4:47  Drone x6  
  76  4:48  Lair  
  76  4:51  Extractor  
  76  4:52  Drone  
  82  4:57  Drone x4  
  86  5:02  Overlord  
  86  5:03  Spore Crawler  
  86  5:04  Drone x2  
  86  5:05  Hatchery  
  86  5:06  Drone x2, Extractor  
  87  5:09  Drone  
  87  5:13  Spore Crawler  
  87  5:14  Overlord  
  87  5:15  Drone  
  87  5:20  Overlord  
  89  5:21  Zergling x2  
  89  5:27  Extractor  
  87  5:29  Evolution Chamber  
  87  5:30  Zergling x6  
  87  5:31  Evolution Chamber  
  87  5:32  Zergling x2  
  87  5:33  Zergling x4  
  91  5:36  Zergling x6  
  91  5:40  Zergling x8  
  97  5:47  Centrifugal Hooks  
  97  5:49  Drone x2  
  99  5:52  Zergling x4  
  99  5:55  Hatchery  
  100  5:59  Zerg Ground Armor Level 1, Zerg Melee Weapons Level 1  
  100  6:00  Zergling x4  
  100  6:03  Overlord  
  102  6:07  Drone x7  
  108  6:13  Overlord  
  108  6:17  Drone x2  
  110  6:22  Zergling x4  
  112  6:25  Baneling x5  
  112  6:26  Baneling x6  
  112  6:28  Queen  
  112  6:29  Queen  
  112  6:30  Zergling x10  
  112  6:32  Baneling x3  
  121  6:36  Zergling x2  
  121  6:37  Zergling x8  
  121  6:39  Zergling x6  
  129  6:45  Zergling x2  
  125  6:47  Queen  
  125  6:48  Queen  
  125  6:53  Zergling x8  
  122  6:55  Baneling x10  
  122  7:00  Zergling x2  
  119  7:02  Baneling Nest  
  109  7:10  Zergling x22  
  111  7:17  Zergling x2  
  111  7:18  Baneling  
  111  7:19  Baneling x7  
  111  7:20  Zergling x6  
  111  7:21  Queen x2  
  119  7:25  Zergling x4  
  121  7:34  Zergling x10  
  124  7:39  Zergling x4  
  124  7:43  Overlord x2  
  119  7:53  Zergling x22  
Tags
 
Add a new tag
Caveats
  • Supply blocks, unpowered buildings, or Contaminate may cause inaccurate times.
  • Supply counts are checked every 10 seconds.